 Dungeon Crawl Stone Soup version 0.24.0-37-gcf1ca852f1 (webtiles) character file.

Game seed: 15588305457708024898, levelgen mode: deterministic

71 FishyPogo the Insei (level 4, 0/34 HPs)
             Began as a Gnoll Transmuter on Dec 8, 2019.
             Was an Initiate of Cheibriados.
             Slain by a rat (2 damage)
             ... on level 3 of the Dungeon.
             The game lasted 00:03:39 (1485 turns).

FishyPogo the Insei (Gnoll Transmuter)              Turns: 1485, Time: 00:03:40

Health: 0/34       AC:  2    Str: 16    XL:     4   Next: 24%
Magic:  20/20      EV: 15    Int: 14    God:    Cheibriados [......]
Gold:   97         SH:  0    Dex: 19    Spells: 9/13 levels left

rFire    + . .     SeeInvis .     - Unarmed
rCold    . . .     Gourm    .   (no shield)
rNeg     . . .     Faith    .   b - +0 robe
rPois    .         Spirit   .   (no helmet)
rElec    .         Reflect  .   (no cloak)
rCorr    .         Harm     .   (no gloves)
MR       .....                  (no boots)
Stlth    ++........             (no amulet)
HPRegen  0.11/turn              r - ring of magical power
MPRegen  0.17/turn              o - -2 ring of intelligence (curse)

@: lethally poisoned (0 -> -1), flying, hasted, quick
A: distributed training, fangs 1, agile 1, fire resistance 1, strong 1, strong
nose
a: Bend Time, Renounce Religion


You were on level 3 of the Dungeon.
You worshipped Cheibriados.
Cheibriados was noncommittal.
You were not hungry.

You visited 1 branch of the dungeon, and saw 3 of its levels.

You collected 97 gold pieces.

Inventory:

Missiles
 a - 35 arrows
 h - 30 stones (quivered)
Armour
 b - a +0 robe (worn)
Jewellery
 n - an uncursed ring of fire
 o - a cursed -2 ring of intelligence (right hand)
 r - a ring of magical power (left hand)
Scrolls
 c - a scroll of teleportation {unknown}
 e - 2 scrolls of remove curse
 g - a scroll of random uselessness {unknown}
 l - 2 scrolls of identify {unknown}
 t - a scroll of magic mapping {unknown}
 u - a scroll of enchant weapon {unknown}
Potions
 j - a potion of brilliance {unknown}
 m - a potion of degeneration {unknown}
 q - a potion of cancellation {unknown}
 s - a potion of might {unknown}
Comestibles
 d - 4 rations


   Skills:
 + Level 2.7 Fighting
 + Level 1.0 Short Blades
 + Level 1.0 Long Blades
 + Level 1.0 Axes
 + Level 1.0 Maces & Flails
 + Level 1.0 Polearms
 + Level 1.0 Staves
 + Level 1.0 Slings
 + Level 1.0 Bows
 + Level 1.0 Crossbows
 + Level 1.0 Throwing
 + Level 1.0 Armour
 + Level 4.6 Dodging
 + Level 1.0 Stealth
 + Level 1.0 Shields
 + Level 6.6 Unarmed Combat
 + Level 5.0 Spellcasting
 + Level 0.8 Conjurations
 + Level 0.8 Hexes
 + Level 0.8 Charms
 + Level 0.8 Summonings
 + Level 0.8 Necromancy
 + Level 0.8 Translocations
 + Level 3.8 Transmutations
 + Level 0.8 Fire Magic
 + Level 0.8 Ice Magic
 + Level 0.8 Air Magic
 + Level 0.8 Earth Magic
 + Level 0.8 Poison Magic
 + Level 1.1 Invocations
 + Level 1.0 Evocations


You had 9 spell levels left.
You knew the following spells:

 Your Spells              Type           Power        Failure   Level  Hunger
u - Spider Form           Tmut/Pois      ##........   21%         3    ###....
y - Beastly Appendage     Tmut           ##....       3%          1    None

Your spell library contained the following spells:

 Spells                   Type           Power        Failure   Level  Hunger
 Sticks to Snakes         Tmut           ##......     5%          2    ##.....
 Ice Form                 Ice/Tmut       ##......     54%         4    ####...
 Blade Hands              Tmut           ##........   69%         5    ######.


Dungeon Overview and Level Annotations

Branches:
Dungeon (3/15)

Altars:
Cheibriados
Elyvilon
Gozag
Hepliaklqana
Kikubaaqudgha
Nemelex Xobeh
Qazlal
Vehumet


Innate Abilities, Weirdness & Mutations

Your experience applies equally to all skills.
You have very sharp teeth.
Your uncanny sense of smell can sniff out nearby items.
You are agile. (Dex +2)
Your flesh is heat resistant. (rF+)
Your muscles are strong. (Str +2)


Message History

You kill the adder!
Cheibriados appreciates the change of pace.
The rat barely misses you. The orc hits you with a +0 flail!
* * * LOW HITPOINT WARNING * * *
Unknown command.
The rat misses you.
You feel sick.
It was a potion of mutation.
You feel extremely strange.
You feel agile.
You feel stronger.
You feel resistant to heat.
Your talons disappear.
The rat bites you.
* * * LOW HITPOINT WARNING * * *
It was a potion of flight.
You feel very buoyant.
You fly up into the air.
The rat misses you.
It was a potion of haste.
You feel yourself speed up.
Cheibriados forgives your accidental hurry, just this once.
* * * LOW HITPOINT WARNING * * *
You feel sick. The rat bites you.
You die...

.. #..#
.......#..#
.......#..##
.......#...
...........
..........#
........#.#
.......†#@#
......r.#r#
#####....o#
###.r.#
#...#
#...##.##
#<...§..#
#.##.....
#.# ..^.#


You could see an orc and 2 rats.

Vanquished Creatures
  2 adders
  A worm (D:2)
  2 dart slugs
  A leopard gecko (D:1)
  4 bats
  4 giant cockroaches
  5 goblins
  8 hobgoblins
  2 jackals (D:2)
  A ball python (D:2)
  5 frilled lizards
  2 kobolds
  6 rats
43 creatures vanquished.

Notes
Turn   | Place    | Note
-------+----------+-------------------------------------------
     0 | D:1      | FishyPogo the Gnoll Transmuter began the quest for the Orb.
     0 | D:1      | Reached XP level 1. HP: 17/17 MP: 6/6
   103 | D:1      | Reached XP level 2. HP: 23/23 MP: 7/7
   447 | D:1      | Reached XP level 3. HP: 25/28 MP: 9/9
   565 | D:1      | Reached skill level 5 in Spellcasting
   843 | D:2      | Reached skill level 1 in Invocations
   848 | D:2      | Learned a level 3 spell: Spider Form
   944 | D:2      | Found an opulent altar of Gozag.
  1010 | D:2      | Reached skill level 1 in Short Blades
  1010 | D:2      | Reached skill level 1 in Long Blades
  1010 | D:2      | Reached skill level 1 in Axes
  1010 | D:2      | Reached skill level 1 in Maces & Flails
  1010 | D:2      | Reached skill level 1 in Polearms
  1010 | D:2      | Reached skill level 1 in Staves
  1010 | D:2      | Reached skill level 1 in Slings
  1010 | D:2      | Reached skill level 1 in Bows
  1010 | D:2      | Reached skill level 1 in Crossbows
  1010 | D:2      | Reached skill level 1 in Throwing
  1010 | D:2      | Reached skill level 1 in Armour
  1010 | D:2      | Reached skill level 1 in Stealth
  1010 | D:2      | Reached skill level 1 in Shields
  1010 | D:2      | Reached skill level 1 in Evocations
  1143 | D:2      | Reached XP level 4. HP: 28/34 MP: 11/11
  1190 | D:2      | Found a stormy altar of Qazlal.
  1195 | D:2      | Found a radiant altar of Vehumet.
  1196 | D:2      | Found a snail-covered altar of Cheibriados.
  1197 | D:2      | Found a white marble altar of Elyvilon.
  1198 | D:2      | Found a sparkling altar of Nemelex Xobeh.
  1201 | D:2      | Became a worshipper of Cheibriados the Contemplative
  1206 | D:2      | Found an ancient bone altar of Kikubaaqudgha.
  1208 | D:2      | Found a hazy altar of Hepliaklqana.
  1483 | D:3      | Gained mutation: You are agile. (Dex +2) [potion of
                  | mutation]
  1483 | D:3      | Gained mutation: Your muscles are strong. (Str +2) [potion
                  | of mutation]
  1483 | D:3      | Gained mutation: Your flesh is heat resistant. (rF+)
                  | [potion of mutation]
  1485 | D:3      | Slain by a rat

Levels and vault maps discovered:
D:1:      tarquinn_simple_flora_water_a, layout_loops_cross,
          hangedman_glass_teeth, hangedman_decor_clover_reticule
D:2:      layout_loops_cross, minitemple, first_ration,
          nicolae_gozag_cash_rules_everything_around_me
D:3:      layout_rooms, kennysheep_generic_room_10, uniq_robin,
          uniq_crazy_yiuf_cottage, uniq_jessica

Skill      XL: |  1  2  3 |
---------------+----------+-----
Spellcasting   | 5 |  5.0
Invocations    | 1 |  1.1
Short Blades   | 1 |  1.0
Long Blades    | 1 |  1.0
Axes           | 1 |  1.0
Maces & Flails | 1 |  1.0
Polearms       | 1 |  1.0
Staves         | 1 |  1.0
Slings         | 1 |  1.0
Bows           | 1 |  1.0
Crossbows      | 1 |  1.0
Throwing       | 1 |  1.0
Armour         | 1 |  1.0
Stealth        | 1 |  1.0
Shields        | 1 |  1.0
Evocations     | 1 |  1.0
Fighting       | |  2.7
Dodging        | |  4.6
Unarmed Combat | |  6.6
Conjurations   | |  0.8
Hexes          | |  0.8
Charms         | |  0.8
Summonings     | |  0.8
Necromancy     | |  0.8
Translocations | |  0.8
Transmutations | |  3.8
Fire Magic     | |  0.8
Ice Magic      | |  0.8
Air Magic      | |  0.8
Earth Magic    | |  0.8
Poison Magic   | |  0.8

Action                   |  1- 3 |  4- 6 || total
-------------------------+-------+-------++-------
Melee: Unarmed           |    82 |    12 ||    94
       Kick              |     3 |     3 ||     6
       Headbutt          |     4 |     1 ||     5
       Bite              |     8 |     3 ||    11
       Punch             |     1 |       ||     1
 Cast: Beastly Appendage |    11 |     3 ||    14
       Spider Form       |     2 |       ||     2
  Use: Scroll            |     1 |       ||     1
       Potion            |       |     3 ||     3
 Stab: Sleeping          |     1 |       ||     1
  Eat: Chunk             |     1 |     1 ||     2
Armor: Robe              |    10 |     3 ||    13
Dodge: Dodged            |    45 |    19 ||    64
